[Event "ICC tourney 3402 (40 10)"]
[Site "Internet Chess Club"]
[Date "2024.03.09"]
[Round "5"]
[White "SULTAN, BASHIR Cisse:muzikmixer"]
[Black "Anand, Anirudh:AnirudhAnand"]
[Result "1-0"]
[ICCResult "Black resigns"]
[WhiteElo "1685"]
[BlackElo "1606"]
[Opening "English: Sicilian reversed"]
[ECO "A25"]
[NIC "EO.23"]
[Time "20:00:18"]
[PlyCount "25"]
[TimeControl "2400+10"]

1. c4 e5 2. Nc3 Nc6 3. e3 Bc5 4. Nf3 d6 5. d4 exd4 6. exd4 Bb6 7. Be2 h6 8.
b4 Nxb4 9. Qa4+ Nc6 10. d5 Ba5 11. Bd2 Bd7 12. dxc6 Bxc6 13. Qxa5
{Black resigns}
1-0

[Event "ICC tourney 3402 (40 10)"]
[Site "Internet Chess Club"]
[Date "2024.03.09"]
[Round "5"]
[White "ZHANG, ARI:brass60Six"]
[Black "PAN, ROGER:RogerPbim"]
[Result "1-0"]
[ICCResult "Black checkmated"]
[WhiteElo "1522"]
[BlackElo "1683"]
[Opening "Nimzo-Indian: Fischer variation"]
[ECO "E43"]
[NIC "NI.12"]
[Time "20:01:11"]
[PlyCount "71"]
[TimeControl "2400+10"]

1. d4 Nf6 2. c4 e6 3. Nc3 Bb4 4. e3 b6 5. Bd3 Bb7 6. Nf3 Bxc3+ 7. bxc3 d6 8.
O-O Ne4 9. Bb2 Nd7 10. Nd2 Nxd2 11. Qxd2 Nf6 12. f3 c5 13. Rfe1 O-O 14. Rac1
Qc7 15. Qe2 Rfe8 16. e4 e5 17. d5 Qd7 18. Qc2 Ba6 19. Ba1 h6 20. Rf1 Rab8
21. Rb1 Kh8 22. Rf2 Rg8 23. g3 g5 24. Rbf1 b5 25. cxb5 Bxb5 26. c4 Ba4 27.
Qd2 Qc7 28. Kh1 Kh7 29. f4 Ng4 30. Rf3 gxf4 31. gxf4 Rbf8 32. h3 Nf6 33.
fxe5 Nh5 34. exd6 Qc8 35. e5+ Kh8 36. Qxh6# {Black checkmated} 1-0

[Event "ICC tourney 3402 (40 10)"]
[Site "Internet Chess Club"]
[Date "2024.03.09"]
[Round "5"]
[White "Stambelos, Carter J:Carterstambelos"]
[Black "Hamlett, James Morrison:Hamlett144"]
[Result "1-0"]
[ICCResult "Black resigns"]
[WhiteElo "1500"]
[BlackElo "1400"]
[Opening "Dutch with c4 & Nc3"]
[ECO "A85"]
[NIC "HD.05"]
[Time "20:31:25"]
[PlyCount "85"]
[TimeControl "2400+10"]

1. d4 f5 2. c4 Nf6 3. Nc3 e6 4. Nf3 Bb4 5. e3 O-O 6. Be2 Bxc3+ 7. bxc3 b6 8.
O-O Bb7 9. h3 h6 10. Nh2 g5 11. Bf3 c6 12. Re1 Qe7 13. a4 Kh8 14. c5 g4 15.
hxg4 fxg4 16. Nxg4 Nxg4 17. Bxg4 Rg8 18. cxb6 axb6 19. e4 Na6 20. g3 Rg6 21.
Kg2 Rag8 22. Rh1 Rxg4 23. Rxh6+ Kg7 24. Qxg4+ Kf8 25. Qh5 c5 26. d5 exd5 27.
exd5 Qe4+ 28. Qf3+ Qxf3+ 29. Kxf3 Bxd5+ 30. Ke3 Ke7 31. Rxb6 Nc7 32. Ba3 d6
33. Re1 Ra8 34. Kd3+ Kd7 35. c4 Bxc4+ 36. Kxc4 Rxa4+ 37. Kb3 Rd4 38. Kc2
Rc4+ 39. Kb1 Nd5 40. Rb3 Nc3+ 41. Ka1 Nd5 42. Rd1 Nc3 43. Rc1 {Black
resigns} 1-0

[Event "ICC tourney 3402 (40 10)"]
[Site "Internet Chess Club"]
[Date "2024.03.09"]
[Round "5"]
[White "HONG, HUNTER:hunterhong"]
[Black "THAPER, RISHUBH:MajorKey"]
[Result "0-1"]
[ICCResult "White resigns"]
[WhiteElo "1554"]
[BlackElo "1516"]
[Opening "Sicilian: Boleslavsky variation, 7.Nb3"]
[ECO "B59"]
[NIC "SI.25"]
[Time "20:00:17"]
[PlyCount "112"]
[TimeControl "2400+10"]

1. e4 c5 2. Nf3 d6 3. d4 cxd4 4. Nxd4 Nf6 5. Nc3 Nc6 6. Be2 e5 7. Nb3 Be7 8.
f3 O-O 9. O-O Be6 10. Be3 d5 11. exd5 Nxd5 12. Nxd5 Bxd5 13. c3 f5 14. Qd3
e4 15. fxe4 Bxe4 16. Qxd8 Raxd8 17. Rad1 b6 18. Nd4 Nxd4 19. Bxd4 Bd5 20. a3
Bb3 21. Rd3 Bg5 22. Rg3 Bh6 23. Rgf3 g6 24. Bd1 Bd5 25. Rh3 Bc1 26. Rf2 Rfe8
27. Bf3 Re1+ 28. Rf1 Rxf1+ 29. Kxf1 Bc4+ 30. Be2 Bxe2+ 31. Kxe2 Re8+ 32. Kd1
Bxb2 33. a4 Re7 34. Kc2 Re2+ 35. Kb3 Rxg2 36. Be3 Ba1 37. Bc1 g5 38. Rg3
Rxg3 39. hxg3 h6 40. Bd2 Kf7 41. Ka2 Bxc3 42. Bxc3 Kg6 43. Kb2 Kh5 44. Kc2
Kg4 45. Be1 Kf3 46. Kd3 a6 47. Kd2 b5 48. a5 f4 49. gxf4 gxf4 50. Kd3 h5 51.
Bh4 Kg4 52. Be1 h4 53. Bf2 h3 54. Bg1 Kg3 55. Ke4 Kg2 56. Kxf4 Kxg1
{White resigns}
0-1